 Dungeon Crawl Stone Soup version 0.25.1-2-g60ff931df9 (webtiles) character file.

Game seed: 8823273693269842205

171 DildoBatman the Conjurer (level 5, -7/35 HPs)
             Began as a Formicid Wizard on Sept 3, 2020.
             Was a Follower of Kikubaaqudgha.
             Mangled by an orc warrior
             ... wielding a +0 halberd
              (12 damage)
             ... on level 4 of the Dungeon.
             The game lasted 00:09:13 (3785 turns).

DildoBatman the Conjurer (Formicid Wizard)          Turns: 3785, Time: 00:09:13

Health: -7/35      AC: 11    Str: 12    XL:     5   Next: 81%
Magic:  3/9        EV: 12    Int: 18    God:    Kikubaaqudgha [*.....]
Gold:   154        SH:  0    Dex:  9    Spells: 3/10 levels left

rFire    . . .     SeeInvis +   a - +2 dagger (pain)
rCold    . . .     Gourm    .   (no shield)
rNeg     . . .     Faith    .   e - +0 robe
rPois    .         Spirit   .   (helmet unavailable)
rElec    .         Reflect  .   g - +2 cloak
rCorr    .         Harm     .   h - +2 pair of gloves
MR       .....                  r - +2 pair of boots
Stlth    +++.......             (no amulet)
HPRegen  0.11/turn              t - ring of stealth
MPRegen  0.11/turn              (no ring)

@: very slightly contaminated
A: permanent stasis, dig shafts and tunnels, four strong arms, antennae 3
a: Dig, Shaft Self, Receive Corpses, Renounce Religion


You were on level 4 of the Dungeon.
You worshipped Kikubaaqudgha.
Kikubaaqudgha was aware of your devotion.
You were not hungry.

You visited 1 branch of the dungeon, and saw 4 of its levels.

You collected 154 gold pieces.

Inventory:

Hand Weapons
 a - a +2 dagger of pain (weapon)
 b - a +0 hunting sling
 x - a +0 trident
Missiles
 d - 59 stones
 i - 33 bolts
 l - 27 sling bullets
 p - 6 boomerangs
 s - an atropa-tipped dart (quivered)
Armour
 e - a +0 robe (worn)
 g - a +2 cloak (worn)
 h - a +2 pair of gloves (worn)
 r - a +2 pair of boots (worn)
Jewellery
 t - a ring of stealth (left hand)
Wands
 j - a wand of random effects (28)
Scrolls
 c - 3 scrolls of teleportation {unknown}
 f - 3 scrolls of identify {unknown}
 m - 3 scrolls of remove curse {unknown}
 q - a scroll of enchant armour {unknown}
 y - a scroll of magic mapping {unknown}
Potions
 k - a potion of ambrosia {unknown}
 n - 2 potions of curing {unknown}
 o - a potion of degeneration {unknown}
 u - a potion of invisibility {unknown}
 w - a potion of cancellation {unknown}
Comestibles
 v - 6 rations
 z - a chunk of flesh


   Skills:
 - Level 1.7 Dodging
 - Level 2.4 Stealth
 - Level 3.2 Spellcasting
 * Level 4.7 Conjurations
   Level 1.0 Summonings
   Level 0.8 Translocations
 * Level 0.0 Fire Magic
 * Level 0.0 Air Magic


You had 3 spell levels left.
You knew the following spells:

 Your Spells              Type           Power        Failure   Level  Hunger
a - Conjure Flame         Conj/Fire      ##......     19%         3    ###....
c - Magic Dart            Conj           ###.         2%          1    None
e - Mephitic Cloud        Conj/Pois/Air  #.......     26%         3    ###....

Your spell library contained the following spells:

 Spells                   Type           Power        Failure   Level  Hunger
 Pain                     Necr           #...         16%         1    None
 Call Imp                 Summ           #.......     16%         2    ##.....
 Corpse Rot               Necr/Air       N/A          24%         2    ##.....
 Slow                     Hex            #.......     24%         2    ##.....
 Sublimation of Blood     Necr           #.........   24%         2    ##.....
 Vampiric Draining        Necr           #.........   43%         3    ###....
 Blink                    Tloc           Unusable     N/A         2    N/A

Dungeon Overview and Level Annotations

Branches:
Dungeon (4/15)
 Temple: D:4-7

Altars:
Kikubaaqudgha
Vehumet
Xom
Yredelemnul
The Shining One

Annotations:
D:3 exclusion: profane servitor


Innate Abilities, Weirdness & Mutations

You cannot be hasted, slowed, berserked, paralysed or teleported.
You can dig through walls and to a lower floor.
Your four strong arms can wield two-handed weapons with a shield.
You have a pair of large antennae on your head. (SInv)


Message History

You hit the orc warrior.
The orc warrior is heavily wounded.
The orc warrior hits you with a +0 halberd!
You hit the orc warrior.
The orc warrior is severely wounded.
The orc warrior closely misses you.
Things that are here:
a +0 dagger of speed a +0 leather armour an orc corpse You hit the orc warrior but do no damage.
The orc warrior is severely wounded.
You hit the orc warrior but do no damage.
The orc warrior is severely wounded.
The orc warrior hits you with a +0 halberd!!
Ouch! That really hurt!
The orc warrior seems less confused.
The orc warrior hits you from afar with a +0 halberd!
You die...
Kikubaaqudgha rasps: "You have failed me!
Welcome... death!"

###### ##)o.@#
#.###### ###.....###
####...o.....#
#..<..##.......##.
......#...##....##....
..... #...#...o.......
..#. #....# ##<......#
. # ##...# #........


You could see an orc warrior.

Vanquished Creatures
  An orc priest (D:3)
  Crazy Yiuf (D:2)
  3 adders
  2 oozes
  2 worms
  2 dart slugs
  2 leopard geckos
  7 orcs
  2 giant cockroaches (D:3)
  9 hobgoblins
  2 jackals (D:3)
  8 bats
  6 frilled lizards
  7 goblins
  4 kobolds
  4 rats
  2 butterflies (D:2)
64 creatures vanquished.

Notes
Turn   | Place    | Note
-------+----------+-------------------------------------------
     0 | D:1      | DildoBatman the Formicid Wizard began the quest for the
                  | Orb.
     0 | D:1      | Reached XP level 1. HP: 13/13 MP: 4/4
    43 | D:1      | Reached skill level 1 in Conjurations
   201 | D:1      | Reached XP level 2. HP: 19/19 MP: 0/6
   263 | D:1      | You fall into a shaft and drop 1 floor!
   452 | D:2      | Found a shimmering altar of Xom.
   484 | D:2      | Reached skill level 2 in Conjurations
   668 | D:2      | Found an ancient bone altar of Kikubaaqudgha.
   675 | D:2      | Became a worshipper of Kikubaaqudgha
   726 | D:2      | Reached XP level 3. HP: 24/24 MP: 0/7
   731 | D:2      | Learned a level 3 spell: Conjure Flame
   735 | D:2      | Learned a level 3 spell: Mephitic Cloud
  1531 | D:2      | Reached skill level 3 in Conjurations
  1655 | D:2      | Reached XP level 4. HP: 30/30 MP: 3/8
  1744 | D:2      | Found a runed translucent door.
  1747 | D:2      | Noticed Crazy Yiuf
  2159 | D:3      | Found a glowing golden altar of the Shining One.
  2161 | D:3      | Noticed an angel
  2536 | D:3      | Reached skill level 4 in Conjurations
  2536 | D:3      | Reached XP level 5. HP: 35/35 MP: 6/9
  2611 | D:3      | Reached * piety under Kikubaaqudgha
  2611 | D:3      | Identified Kikubaaqudgha's Reference Book on Sinister Rites
                  | (Kikubaaqudgha gifted it to you on level 3 of the Dungeon)
  2611 | D:3      | Received a gift from Kikubaaqudgha
  2626 | D:3      | Found a radiant altar of Vehumet.
  3247 | D:3      | Found a basalt altar of Yredelemnul.
  3316 | D:3      | Noticed a profane servitor
  3533 | D:2      | Killed Crazy Yiuf
  3654 | D:4      | Noticed an orc warrior
  3785 | D:4      | Mangled by an orc warrior

Illustrated notes

Levels and vault maps discovered:
D:1:      roderic_crop_circles_arrival_small, layout_rooms, serial_rivers,
          chequers_serial_rivers_small_3, chequers_serial_rivers_small_b,
          chequers_serial_rivers_room_b, chequers_serial_rivers_micro_b,
          chequers_serial_rivers_marsh
D:2:      layout_basic, lemuel_round_altar, xom_butterflies, first_ration,
          minmay_fountain_box, uniq_crazy_yiuf_cottage
D:3:      layout_basic, grunt_temple_overflow_holy_war, vehumet_crystals,
          st_stairs_5
D:4:      layout_cave_pools, minmay_misc_feat_alley, goddamned_bats

Skill      XL: |  1  2  3  4 |
---------------+-------------+-----
Conjurations   | 1 2 3 4 |  4.7
Dodging        | |  1.7
Stealth        | |  2.4
Spellcasting   | |  3.2
Summonings     | |  1.0
Translocations | |  0.8

Action                   |  1- 3 |  4- 6 || total
-------------------------+-------+-------++-------
Melee: Dagger            |       |    54 ||    54
 Fire: Hunting sling     |    32 |    77 ||   109
Throw: Dart              |       |     5 ||     5
 Cast: Magic Dart        |    71 |    37 ||   108
       Mephitic Cloud    |       |     5 ||     5
 Abil: Dig               |     2 |     4 ||     6
  Eat: Chunk             |     2 |     8 ||    10
Armor: Robe              |     2 |    23 ||    25
Dodge: Dodged            |     9 |    53 ||    62
